Map: Scythe of Amon

Players

monk

  • Race: Protoss Protoss
  • Spawn Location: 5:00

sTkmonk

  • Race: Terran Terran
  • Spawn Location: 5:00

VOD

Have the link to the VOD?

Description

Time

  • Played on: Aug. 14, 2017, 3:36 a.m.
  • Length: 36:11
Show
View Real Time Build Order
Export as new Build Order

monk Protoss 

Build Orders:  

Get SALT Encoding   

  12  0:03  Probe (Chrono Boost)  
  12  0:05  Dark Pylon  
  13  0:17  Probe (Chrono Boost)  
  14  0:21  Assimilator  
  14  0:30  Probe (Chrono Boost)  
  14  0:38  Assimilator  
  15  0:44  Probe (Chrono Boost)  
  16  0:58  Probe (Chrono Boost)  
  17  1:06  Gateway  
  17  1:12  Probe (Chrono Boost)  
  18  1:26  Forge  
  18  1:27  Probe (Chrono Boost)  
  19  1:41  Probe (Chrono Boost)  
  20  1:55  Probe (Chrono Boost)  
  21  2:02  Protoss Ground Weapons Level 1 (Chrono Boost)  
  21  2:09  Probe (Chrono Boost)  
  22  2:13  Cybernetics Core  
  22  2:30  Pylon  
  22  3:12  Death Council  
  22  3:26  Probe  
  23  3:43  Probe  
  24  3:50  Pylon  
  24  3:53  Gateway  
  24  4:00  Gateway, Probe  
  24  4:01  Gateway  
  24  4:05  Warp Gate  
  24  4:06  Dark Shrine  
  25  4:17  Probe  
  26  4:28  Pylon  
  26  4:30  Protoss Ground Weapons Level 2 (Chrono Boost)  
  26  4:50  Shadow Fury (Chrono Boost)  
  26  5:12  Dark Templar x2  
  26  5:17  Dark Templar  
  32  5:24  Dark Templar  
  34  5:58  Dark Templar  
  36  6:01  Dark Templar  
  38  6:27  Stalker  
  38  6:28  Stalker  
  42  6:32  Nexus  
  42  6:36  Assimilator x2  
  42  6:47  Dark Pylon  
  42  6:53  Stalker  
  42  6:55  Stalker  
  46  7:09  Stalker  
  48  7:20  Stalker  
  50  7:30  Stalker  
  52  8:03  Probe  
  52  8:08  Protoss Ground Weapons Level 3  
  53  8:20  Probe  
  53  8:22  Dark Templar x3  
  53  8:24  Probe  
  61  8:35  Dark Templar Blink (Chrono Boost)  
  61  8:37  Probe  
  62  8:53  Pylon  
  62  9:12  Pylon  
  62  9:15  Probe  
  62  9:18  Probe  
  64  9:24  Stalker  
  64  9:25  Stalker  
  64  9:29  Probe  
  68  9:32  Pylon  
  68  9:35  Probe  
  70  9:49  Probe  
  70  9:57  Blink  
  70  9:58  Dark Templar x2  
  70  9:59  Dark Templar  
  77  10:06  Probe  
  78  10:10  Probe  
  79  10:20  Probe  
  79  10:27  Probe  
  79  10:29  Phase Reactor (Chrono Boost)  
  81  10:42  Gateway  
  81  10:44  Gateway  
  81  10:48  Pylon  
  81  10:51  Gateway  
  81  10:55  Gateway, Stalker  
  81  11:36  Stalker x3  
  81  11:37  Stalker  
  89  11:48  Pylon  
  89  11:49  Pylon  
  89  11:50  Pylon  
  89  11:54  Pylon  
  89  12:11  Dark Templar x2, Pylon  
  89  12:17  Dark Templar x3  
  89  12:18  Dark Templar  
  101  12:33  Stargate  
  97  12:51  Protoss Shields Level 1  
  97  12:52  Stalker x2  
  101  13:07  Stalker x2  
  101  13:08  Stalker  
  107  13:21  Stalker  
  107  13:22  Stalker x2  
  107  13:23  Oracle (Chrono Boost)  
  111  13:41  Dark Templar  
  111  13:42  Dark Templar x3  
  120  14:01  Dark Templar x2  
  120  14:02  Dark Templar  
  126  14:45  Stalker x2  
  126  14:46  Stalker  
  126  14:47  Stalker x2  
  132  15:05  Dark Pylon  
  130  15:15  Stalker x3  
  134  15:24  Pylon  
  134  15:27  Pylon  
  134  15:28  Pylon x2  
  134  15:30  Pylon  
  134  15:39  Stalker  
  136  15:40  Stalker x3  
  142  16:20  Dark Templar x3  
  142  16:21  Dark Templar x3  
  142  16:22  Dark Templar  
  156  16:46  Stalker  
  152  17:00  Pylon  
  152  17:05  Pylon  
  152  17:06  Pylon  
  150  17:20  Dark Templar x4  
  150  17:22  Stalker x2  
  150  17:23  Stalker x2  
  166  17:37  Oracle (Chrono Boost)  
  156  18:02  Oracle (Chrono Boost)  
  152  18:14  Protoss Shields Level 2  
  155  18:33  Stalker x3  
  155  18:34  Stalker  
  163  18:43  Stalker, Oracle (Chrono Boost)  
  163  18:46  Stalker  
  170  19:18  Stalker x3  
  170  19:59  Stalker x2  
  172  20:00  Stalker x4  
  180  20:28  Oracle (Chrono Boost)  
  151  20:52  Oracle (Chrono Boost)  
  151  20:59  Stalker  
  153  21:00  Stalker x4  
  153  21:01  Stalker x2  
  153  21:09  Centurion  
  167  21:17  Gateway  
  167  21:19  Gateway  
  170  21:38  Stalker x3  
  170  21:39  Stalker x4  
  182  22:00  Stalker  
  182  22:06  Probe  
  183  22:22  Stalker x2  
  183  22:23  Stalker x4  
  195  22:34  Pylon  
  195  22:36  Stalker x2  
  199  22:56  Stalker  
  199  22:57  Stalker x2  
  196  23:18  Stalker  
  196  23:19  Stalker  
  190  23:43  Stalker x2  
  190  23:44  Stalker  
Show
View Real Time Build Order
Export as new Build Order

sTkmonk Terran 

Build Orders:  

Get SALT Encoding   

Tags
 
Add a new tag
Caveats
  • Supply blocks, unpowered buildings, or Contaminate may cause inaccurate times.
  • Supply counts are checked every 10 seconds.